 Dungeon Crawl Stone Soup version 0.30-a0-726-gd89dcf765f (webtiles) character file.

Game seed: 6935555059618160777

4006 jimonade the Slicer (level 10, -9/51 HPs)
             Began as a Vine Stalker Gladiator on Jan 30, 2023.
             Was a Follower of Uskayaw.
             Mangled by Erica
             ... wielding a +4 scimitar of flaming
              (11 damage)
             ... on level 8 of the Dungeon.
             The game lasted 00:18:10 (8282 turns).

jimonade the Slicer (Vine Stalker Gladiator)        Turns: 8282, Time: 00:18:11

Health: -9/51      AC: 12    Str: 18    XL:     10   Next: 23%
Magic:  0/14       EV:  9    Int:  8    God:    Uskayaw [*.....]
Gold:   370        SH:  0    Dex: 19    Spells: 9/9 levels left

rFire   . . .      SeeInvis .    a - +4 dagger
rCold   . . .      Faith    +    (no shield)
rNeg    . . .      Spirit   +    t - +0 chain mail
rPois   .          Reflect  .    c - +0 helmet
rElec   .          Harm     .    (no cloak)
rCorr   .          Rampage  .    C - +0 pair of gloves
Will    +....                    (no boots) Stlth
                                 N - amulet of faith
HPRegen 1.08/turn                r - ring of flight
MPRegen 0.14/turn                (no ring)

@: flying
A: fangs 3, regeneration 1, magic shield, antimagic bite, no potion heal 2
a: Renounce Religion, Stomp


You were on level 8 of the Dungeon.
You worshipped Uskayaw.
Uskayaw was noncommittal.
You visited 2 branches of the dungeon, and saw 9 of its levels.

You collected 370 gold pieces.

Inventory:

Hand Weapons
 a - a +4 dagger (weapon)
 b - a +2 sling of freezing
 h - a +0 rapier
 J - a +1 vampiric falchion
Missiles
 d - 2 throwing nets (quivered)
 e - a javelin
 y - 3 silver boomerangs
 B - 11 poisoned darts
Armour
 c - a +0 helmet (worn)
 t - a +0 chain mail (worn)
 C - a +0 pair of gloves (worn)
 D - a +0 ring mail
 L - a +0 leather armour
Magical Staves
 o - a staff of earth
 p - a staff of air
 I - a staff of death
Jewellery
 r - a ring of flight (left hand)
 N - an amulet of faith (around neck)
Wands
 q - a wand of charming (16)
 z - a wand of acid (12)
Scrolls
 i - 3 scrolls of enchant weapon
 j - 3 scrolls of poison
 s - a scroll of teleportation
 x - 3 scrolls of fog
 E - a scroll of amnesia
 H - 2 scrolls of identify
 O - 2 scrolls of magic mapping
Potions
 f - 4 potions of attraction {unknown}
 g - a potion of flight {unknown}
 k - 3 potions of might
 l - 6 potions of curing
 m - a potion of ambrosia {unknown}
 n - 5 potions of mutation
 u - 2 potions of brilliance
 v - a potion of invisibility {unknown}
 w - 4 potions of lignification
 A - 2 potions of heal wounds {unknown}
 G - a potion of berserk rage {unknown}
 K - a potion of degeneration {unknown}


   Skills:
 + Level 5.1 Fighting
 * Level 9.1 Short Blades
 - Level 2.2 Throwing
 + Level 6.0 Armour
 + Level 3.5 Dodging
 - Level 2.3 Stealth
 * Level 4.7 Invocations


You had 9 spell levels left.
You didn't know any spells.
Your spell library contained the following spells:

 Spells                   Type           Power      Damage    Failure   Level
 Necrotise                Necr           0%         1d4       99%         1
 Shock                    Conj/Air       0%         1d3       99%         1
 Blink                    Tloc           0%         N/A       100%        2
 Lesser Beckoning         Tloc           0%         N/A       100%        2
 Momentum Strike          Conj/Tloc      0%         3d8       100%        2
 Swiftness                Air            0%         N/A       100%        3
 Vampiric Draining        Necr           0%         2d6       100%        3
 Airstrike                Air            0%         2d(0-16)  100%        4
 Agony                    Necr           0%         N/A       100%        5
 Summon Forest            Summ/Tloc      0%         N/A       100%        5
 Eringya's Noxious Bog    Tmut/Pois      0%         N/A       100%        6
 Summon Hydra             Summ           0%         N/A       100%        7


Dungeon Overview and Level Annotations

Branches:
Dungeon (8/15)             Temple (1/1) D:6
   Lair: D:8-11

Altars:
Ashenzari
Cheibriados
Dithmenos
Elyvilon
Gozag
Hepliaklqana
Kikubaaqudgha
Makhleb
Nemelex Xobeh
Okawaru
Qazlal
Sif Muna
Trog
Uskayaw
Vehumet
Wu Jian
Xom
Yredelemnul
Zin
The Shining One

Annotations:
D:5 2 transporters, Menkaure
D:7 exclusion: downstairs
D:8 3 runed translucent doors, Amaemon; Erica; Prince Ribbit; jimonade's ghost, novice VSBr


Innate Abilities, Weirdness & Mutations

You have razor-sharp teeth.
Your natural rate of healing is unusually fast.
When hurt, damage is shared between your health and your magic reserves.
Your bite disrupts and absorbs the magic of your enemies.
Potions cannot restore your health.


Message History

Found a book of Spatial Translocations.
You pick up a book of Spatial Translocations and begin reading...
You add the spells Blink, Momentum Strike and Lesser Beckoning to your library.
Erica the Fiery-Tempered comes into view.
She is wielding a +4 scimitar of flaming and wearing a +1 robe of positive energy.
Erica shouts!
Erica screams, "Coming here was suicide!
For you!"
Erica gestures wildly while chanting.
Erica flickers and vanishes!
Deactivating autopickup; reactivate with Ctrl-A.
You hit something. Your bite misses something. Something hits you!
Something burns you.
You barely miss something. Your bite misses something. Something hits you.
Something burns you.
You hit something. Your bite misses something.
You hit something but do no damage. You bite something.
You hear some strange, mumbled words.
A bolt of poison appears from out of thin air!
The bolt of poison hits you!
You are poisoned.
You hit something. Your bite misses something.
You feel sick.
You barely miss something.
You feel sick. Something hits you but does no damage.
You completely miss something. Your bite misses something.
You feel sick.
You barely miss something.
You feel sick. Something hits you. Something burns you.
You hit something but do no damage. Your punch misses something.
You bite something.
You feel sick.
You closely miss something.
You feel sick.
You hear some strange, mumbled words.
A lance of force appears from out of thin air!
The lance of force hits you!!
* * * LOW HITPOINT WARNING * * *
Your system rejects the healing.
You feel better. Something hits you.
* * * LOW HITPOINT WARNING * * *
Something burns you.
* * * LOW HITPOINT WARNING * * *
You hit something. Your bite misses something. You closely miss something.
You bite something. You drain its magic.
You feel invigorated. Something hits you!
You die...

#...# ##..#
#.## #.# #.#
##.# ##..##
##.{..##
#..#@..# ####
##.###..##
#...## #.##
##..####.....#
#......#
##..##......#
#.....##
#..........#
#.....
##.........#
##....
##........#
#...##
##..#..###
#..# #...###


There were no monsters in sight!

Vanquished Creatures
  Grinder (D:6)
  2 steam dragons (D:7)
  Duvessa (D:6)
  2 water moccasins
  2 black bears
  A sky beast (D:7)
  3 ogres
  2 ice beasts
  2 centaurs
  3 bullfrogs
  4 scorpions
  8 wights
  Dowan (D:6)
  16 killer bees
  3 howler monkeys
  6 hounds
  2 gnoll boudas
  An orc wizard (D:7)
  An iguana (D:4)
  Natasha (twice) (D:3)
  14 gnolls
  8 adders
  A shadow imp (D:6)
  A white imp (D:8)
  An ufetubus (D:5)
  2 worms
  A dart slug (D:2)
  9 orcs
  6 endoplasms
  2 giant cockroaches
  12 goblins
  4 hobgoblins
  13 jackals
  3 quokkas
  16 ball pythons
  7 bats
  2 frilled lizards
  9 kobolds
  7 rats
181 creatures vanquished.

Vanquished Creatures (others)
  4 plants
4 creatures vanquished.

Grand Total: 185 creatures vanquished

Notes
Turn   | Place    | Note
-------+----------+-------------------------------------------
     0 | D:1      | jimonade the Vine Stalker Gladiator began the quest for the
                  | Orb.
     0 | D:1      | Reached XP level 1. HP: 11/11 MP: 2/2
   283 | D:1      | Reached skill level 3 in Short Blades
   298 | D:1      | Reached XP level 2. HP: 14/15 MP: 3/3
   659 | D:1      | Reached XP level 3. HP: 15/18 MP: 2/4
  1476 | D:2      | Gained mutation: Your natural rate of healing is unusually
                  | fast. [Vine Stalker growth]
  1476 | D:2      | Reached XP level 4. HP: 23/23 MP: 5/5
  1704 | D:2      | Reached skill level 1 in Armour
  1861 | D:2      | Reached skill level 4 in Short Blades
  2578 | D:3      | Identified the +4 war axe of Delyr {heavy, Str+2 SInv}
  2693 | D:3      | Reached XP level 5. HP: 26/26 MP: 4/6
  2710 | D:3      | Found a faded altar of an unknown god.
  2740 | D:3      | Noticed Natasha
  2748 | D:3      | Killed Natasha
  3142 | D:3      | Noticed Natasha
  3149 | D:3      | Killed Natasha
  3479 | D:4      | Reached XP level 6. HP: 30/30 MP: 7/7
  3668 | D:4      | Reached skill level 5 in Short Blades
  3786 | D:4      | Found a stormy altar of Qazlal.
  4017 | D:5      | Entered Level 5 of the Dungeon
  4073 | D:5      | Found a transporter.
  4103 | D:5      | Noticed a wraith
  4104 | D:5      | Found a basalt altar of Yredelemnul.
  4108 | D:5      | Noticed Menkaure
  4114 | D:5      | Found an ancient bone altar of Kikubaaqudgha.
  4117 | D:5      | Found a transporter.
  4148 | D:5      | Noticed a water moccasin
  4157 | D:5      | Killed a water moccasin
  4158 | D:5      | Reached XP level 7. HP: 30/35 MP: 8/8
  4245 | D:5      | Found a shimmering blue altar of Sif Muna.
  4247 | D:5      | Found a snail-covered altar of Cheibriados.
  4247 | D:5      | Found a radiant altar of Vehumet.
  4267 | D:5      | Found a shadowy altar of Dithmenos.
  4335 | D:5      | Found a bloodstained altar of Trog.
  4678 | D:6      | Reached skill level 1 in Stealth
  5081 | D:6      | Reached skill level 6 in Short Blades
  5127 | D:6      | Found a staircase to the Ecumenical Temple.
  5151 | D:6      | Gained mutation: You have razor-sharp teeth. [Vine Stalker
                  | growth]
  5151 | D:6      | Reached XP level 8. HP: 35/40 MP: 7/9
  5167 | Temple   | Entered the Ecumenical Temple
  5294 | Temple   | Became a worshipper of Uskayaw the Reveller
  5361 | D:6      | Reached * piety under Uskayaw
  5376 | D:6      | Reached ** piety under Uskayaw
  5383 | D:6      | Reached *** piety under Uskayaw
  5387 | D:6      | Reached **** piety under Uskayaw
  5392 | D:6      | Reached ***** piety under Uskayaw
  5398 | D:6      | Reached skill level 1 in Invocations
  5790 | D:6      | Noticed Grinder
  5802 | D:6      | Killed Grinder
  5803 | D:6      | Reached skill level 7 in Short Blades
  5834 | D:6      | Noticed Duvessa
  5835 | D:6      | Noticed Dowan
  5846 | D:6      | Killed Duvessa
  5847 | D:6      | Reached XP level 9. HP: 45/45 MP: 11/11
  5851 | D:6      | Killed Dowan
  6372 | D:7      | Found a broken altar of Ashenzari.
  6425 | D:7      | Reached skill level 5 in Armour
  6495 | D:7      | Reached skill level 8 in Short Blades
  6955 | D:7      | Found a sparkling altar of Nemelex Xobeh.
  7077 | D:7      | Reached XP level 10. HP: 51/51 MP: 14/14
  7388 | D:8      | Reached skill level 5 in Fighting
  7599 | D:8      | Noticed an orange demon
  7761 | D:8      | Found a runed translucent gate.
  7761 | D:8      | Found a runed translucent gate.
  7762 | D:8      | Found a runed translucent gate.
  7762 | D:8      | Noticed an 11-headed hydra
  7762 | D:8      | Noticed jimonade's ghost (novice VSBr)
  7771 | D:8      | Reached skill level 9 in Short Blades
  7918 | D:8      | Noticed Prince Ribbit
  7928 | D:8      | Noticed Amaemon
  8259 | D:8      | Noticed Erica
  8280 | D:8      | HP: 1/51 [something (2)]
  8282 | D:8      | Mangled by Erica

Illustrated notes

Levels and vault maps discovered:
D:1:      ebering_hopf_link, layout_basic, minmay_misc_feat_tiny
D:2:      minmay_razor_zed, layout_basic, minmay_snake_closets
D:3:      layout_basic, chequers_ecumenical_altar_simple_redux, uniq_natasha
D:4:      layout_loops_cross, nicolae_qazlal_eye_of_the_storm
D:5:      layout_loops_ring, gammafunk_temple_of_torment,
          grunt_temple_overflow_open, bloody_trog
D:6:      layout_loops_ring, minmay_temple_entry_gardened_gates, uniq_duvessa,
          uniq_grinder
D:7:      layout_loops_corners, nemelex_dance_club_becter,
          nicolae_ashenzari_panopticon
D:8:      layout_cave_pods, gammafunk_ghost_hydra_chop, uniq_gastronok,
          uniq_amaemon, uniq_erica, uniq_prince_ribbit1
Temple:   hellmonk_temple_beads

Skill      XL: |  1  2  3  4  5  6  7  8  9 10 |
---------------+-------------------------------+-----
Short Blades   | 3 4 5 6 7 8 9 |  9.1
Throwing       | 2 |  2.2
Fighting       | 2 3 4 5 |  5.1
Armour         | 1 2 3 4 5 6 |  6.0
Stealth        | 1 2 |  2.3
Dodging        | 3 |  3.5
Invocations    | 2 4 |  4.7

Action                     |  1- 3 |  4- 6 |  7- 9 | 10-12 || total
---------------------------+-------+-------+-------+-------++-------
  Melee: Rapier            |    52 |       |       |       ||    52
         Bite              |    22 |    53 |   117 |    29 ||   221
         Dagger            |    34 |   188 |   331 |    91 ||   644
         Punch             |       |     3 |     6 |       ||     9
  Throw: Throwing net      |       |     3 |     2 |     3 ||     8
         Dart              |       |       |     3 |       ||     3
         Javelin           |       |       |     1 |       ||     1
 Invoke: Stomp             |       |       |     2 |       ||     2
    Use: Scroll            |     4 |     9 |     1 |     2 ||    16
         Potion            |       |       |     1 |     3 ||     4
   Stab: Sleeping          |     1 |       |       |       ||     1
         Paralysed         |       |       |     9 |     3 ||    12
         Held in net/web   |       |       |       |     1 ||     1
 Armour: Leather armour    |    16 |       |       |       ||    16
         Chain mail        |     8 |    59 |   135 |    39 ||   241
  Dodge: Dodged            |    52 |    61 |   106 |    36 ||   255

Table legend: (Time is in decaauts)
 A = Elapsed time spent in this place.
 B = Non-inter-level travel time spent in this place.
 C = Inter-level travel time spent in this place.
 D = Time resting spent in this place.
 E = Time spent auto-exploring this place.
 F = Levels seen in this place.
 G = Mean time per level.
                   A        B        C        D        E       F      G
               +--------+--------+--------+--------+--------+-----+--------+
         Total |   8088 |   7554 |    534 |   1131 |   4855 |   9 |  898.7 |
       Dungeon |   7923 |   7452 |    471 |   1131 |   4766 |   8 |  990.4 |
        Temple |    164 |    101 |     63 |      0 |     89 |   1 |  164.0 |
               +--------+--------+--------+--------+--------+-----+--------+

Top non-repeatable levels by time:
     D:2: 1555 daAuts
     D:7: 1543 daAuts
     D:5: 1016 daAuts
     D:1: 949 daAuts
     D:6: 808 daAuts
     D:3: 782 daAuts
     D:4: 688 daAuts
     D:8: 580 daAuts
  Temple: 164 daAuts
